 Dungeon Crawl Stone Soup version 0.21-a0-421-gfc1ce30 (webtiles) character file.

43 Dorkslayer the Skirmisher (level 3, -1/29 HPs)
             Began as a Demonspawn Abyssal Knight on Nov 4, 2017.
             Was a Follower of Lugonu.
             Slain by Terence
             ... wielding a +0 flail
              (4 damage)
             ... on level 2 of the Dungeon.
             The game lasted 00:03:49 (982 turns).

Dorkslayer the Skirmisher (DsAK)                     Turns: 982, Time: 00:03:50

Health: -1/29      AC:  5    Str: 10 (13) XL:     3   Next: 37%
Magic:  4/4        EV: 10    Int: 11 (13) God:    Lugonu [*.....]
Gold:   85         SH:  0    Dex:  9 (12) Spells: 2/2 levels left

rFire    . . .     SeeInvis .   a - +1 hand axe
rCold    . . .     Gourm    .   (no shield)
rNeg     . . .     Faith    .   j - +0 ring mail
rPois    .         Spirit   .   (no helmet)
rElec    .         Reflect  .   (no cloak)
rCorr    .         Harm     .   (no gloves)
MR       .....                  (no boots)
Stlth    ..........             (no amulet)
HPRegen  0.09/turn              (no ring)
MPRegen  0.09/turn              (no ring)

@: flying
A: claws 1, powered by pain 1
a: Depart the Abyss, Renounce Religion


You were on level 2 of the Dungeon.
You worshipped Lugonu.
Lugonu was aware of your devotion.
You were not hungry.

You visited 1 branch of the dungeon, and saw 2 of its levels.
You visited the Abyss 1 time.

You collected 85 gold pieces.

Inventory:

Hand Weapons
 a - a +1 hand axe (weapon)
Missiles
 i - a throwing net (quivered)
Armour
 j - a +0 ring mail (worn)
Scrolls
 f - 5 scrolls of identify {unknown}
 h - 2 scrolls of teleportation {unknown}
Comestibles
 b - 8 chunks of flesh
 c - a bread ration
 d - 2 meat rations


   Skills:
 + Level 3.6 Fighting
 + Level 2.1 Axes
 + Level 2.3 Armour
 + Level 1.3 Dodging
 + Level 2.6 Invocations


You had 2 spell levels left.
You didn't know any spells.

Dungeon Overview and Level Annotations

Branches:
Dungeon (2/15)

Altars:

Annotations:
D:2 Terence


Innate Abilities, Weirdness & Mutations

You have sharp fingernails.
You sometimes gain a little power by taking damage.


Message History

Terence hits you with a flail.
You hit Terence.
Terence is lightly wounded.
Terence hits you with a flail.
You hit Terence but do no damage.
Terence is lightly wounded.
Terence hits you with a flail.
You closely miss Terence.
Terence is lightly wounded.
Terence bares his teeth.
Terence hits you with a flail!
* * * LOW HITPOINT WARNING * * *
You barely miss Terence.
Terence is lightly wounded.
Terence hits you with a flail.
* * * LOW HITPOINT WARNING * * *
You barely miss Terence.
Terence is lightly wounded.
Terence hits you with a flail.
You die...

###############
.......<......#
#############.#
#.######## #.#
.....g@@.# #.#
########.# #.#
#.# ####.########
#.###..>..>.....#
#........######.#
#####.#..# #.#
#.#..#### #.#
#.#.....# #.#
#.#.###.# #.#


You could see Terence and a goblin.

Vanquished Creatures
  A worm (D:2)
  A leopard gecko (D:1)
  A ball python (D:1)
  9 bats
  3 giant cockroaches
  2 goblins (D:1)
  10 hobgoblins
  A frilled lizard (D:1)
  2 kobolds
  7 rats
37 creatures vanquished.

Notes
Turn   | Place    | Note
-------+----------+-------------------------------------------
     0 | Abyss:1  | Dorkslayer the Demonspawn Abyssal Knight began the quest for the Orb.
     0 | Abyss:1  | Reached XP level 1. HP: 18/18 MP: 2/2
    53 | Abyss:1  | Noticed a small abomination
    57 | Abyss:1  | Noticed a large abomination
    76 | Abyss:1  | Noticed a small abomination
    77 | D:1      | Escaped the Abyss
   229 | D:1      | Gained mutation: You sometimes gain a little power by taking damage. [demonic ancestry]
   229 | D:1      | Reached XP level 2. HP: 16/24 MP: 3/3
   285 | D:1      | Reached * piety under Lugonu
   377 | D:1      | Reached skill level 1 in Dodging
   758 | D:1      | Gained mutation: You have sharp fingernails. [demonic ancestry]
   758 | D:1      | Reached XP level 3. HP: 29/29 MP: 4/4
   971 | D:2      | Noticed Terence
   982 | D:2      | Slain by Terence

Vault maps used:
D:1:      nicolae_arrival_washed_ashore
D:2:      minmay_split_cup_small, uniq_terence, uniq_jessica

Skill      XL: |  1  2  3 |
---------------+----------+-----
Armour         | 2 |  2.3
Dodging        | 1 |  1.3
Axes           | 2 |  2.1
Fighting       | |  3.6
Invocations    | |  2.6

Action                   || total
-------------------------++-------
Melee: Hand axe          ||   105
Invok: Depart the Abyss  ||     1
  Use: Potion            ||     3
Armor: Leather armour    ||    23
       Ring mail         ||    24
Dodge: Dodged            ||    58

Table legend:
 A = Spawn XP
 B = Non-spawn XP
 C = Spawn XP percentage of total XP
 D = Spawn monster count
 E = Non-spawn monster count
 F = Spawn count percentage of total count
 G = Total turns spent on level
                    A         B        C        D         E        F      G
               +---------+---------+-------+---------+---------+-------+---------
         Total |       0 |      62 |   0.0 |       0 |      37 |   0.0 |   982
               +---------+---------+-------+---------+---------+-------+---------
           D:1 |       0 |      42 |   0.0 |       0 |      26 |   0.0 |   697
           D:2 |       0 |      20 |   0.0 |       0 |      11 |   0.0 |   208
               +---------+---------+-------+---------+---------+-------+---------
